 Dungeon Crawl Stone Soup version 0.25.0-8-gfd19cd77bd (webtiles) character file.

Game seed: 8402389366659720060

1099 Curus the Carver (level 8, -1/64 HPs)
             Began as a Minotaur Monk on June 16, 2020.
             Was a Believer of Makhleb.
             Killed by nerve-wracking pain
             ... invoked by an orc priest
              (8 damage)
             ... on level 6 of the Dungeon.
             The game lasted 00:20:21 (5101 turns).

Curus the Carver (Minotaur Monk)                    Turns: 5101, Time: 00:20:22

Health: -1/64      AC:  9    Str: 17    XL:     8   Next: 10%
Magic:  7/7        EV: 12    Int:  7    God:    Makhleb [**....]
Gold:   184        SH:  0    Dex: 14    Spells: 7/7 levels left

rFire    . . .     SeeInvis .   a - +1 falchion
rCold    . . .     Gourm    .   (no shield)
rNeg     . . .     Faith    +   f - +3 ring mail
rPois    .         Spirit   .   (helmet restricted)
rElec    .         Reflect  .   (no cloak)
rCorr    .         Harm     .   (no gloves)
MR       .....                  j - +0 pair of boots
Stlth    +.........             g - amulet of faith
HPRegen  0.20/turn              (no ring)
MPRegen  0.10/turn              (no ring)

@: slowed, very slow
A: retaliatory headbutt, horns 2
a: Minor Destruction, Renounce Religion


You were on level 6 of the Dungeon.
You worshipped Makhleb.
Makhleb was pleased with you.
You were not hungry.

You visited 1 branch of the dungeon, and saw 6 of its levels.

You collected 184 gold pieces.

Inventory:

Hand Weapons
 a - a +1 falchion (weapon)
Armour
 b - a +0 robe
 f - a +3 ring mail (worn)
 j - a +0 pair of boots (worn)
Jewellery
 g - an amulet of faith (around neck)
Wands
 d - a wand of acid (4)
 m - a wand of paralysis (6)
 n - a wand of random effects (16)
Scrolls
 e - 3 scrolls of fear
 h - 3 scrolls of teleportation
 i - 4 scrolls of identify
 l - a scroll of remove curse
Potions
 k - a potion of brilliance
Comestibles
 c - 12 rations
 o - a chunk of flesh


   Skills:
 - Level 3.6 Fighting
 + Level 11.7 Long Blades
 - Level 3.2 Dodging
 - Level 1.5 Stealth


You had 7 spell levels left.
You didn't know any spells.
Your spell library contained the following spells:

 Spells                   Type           Power        Failure   Level  Hunger
 Animate Skeleton         Necr           N/A          65%         1    ##.....
 Pain                     Necr           #...         65%         1    ##.....
 Vampiric Draining        Necr           #.........   95%         3    ####...
 Animate Dead             Necr           N/A          100%        4    #####..
 Agony                    Necr           #.......     100%        5    ######.


Dungeon Overview and Level Annotations

Branches:
Dungeon (6/15)             Temple (0/1) D:5

Altars:
Cheibriados
Fedhas
Gozag
Makhleb
Sif Muna
Xom

Annotations:
D:6 Menkaure


Innate Abilities, Weirdness & Mutations

You reflexively headbutt those who attack you in melee.
You have a pair of horns on your head.


Message History

The orc wizard is heavily wounded.
The orc wizard barely misses you. You furiously retaliate!
You headbutt the orc wizard, but do no damage.
The orc completely misses you.
The orc wizard hits you with a cursed -2 dagger.
* * * LOW HITPOINT WARNING * * *
The orc wizard barely misses you. You furiously retaliate!
You headbutt the orc wizard.
You hit the orc wizard but do no damage.
Your headbutt misses the orc wizard.
The orc wizard is severely wounded.
The orc hits you but does no damage. The orc priest closely misses you.
The orc wizard closely misses you. x2; You furiously retaliate!
You headbutt the orc wizard, but do no damage.
You closely miss the orc wizard. Your headbutt misses the orc wizard.
The orc wizard is severely wounded.
The orc hits you but does no damage. The orc wizard barely misses you.
The orc priest mumbles some strange prayers to Beogh against you.
Pain shoots through your body!
You die...

. #... ..#.. . #....
.....# . ...## ##
#....## .###....# #.#
+.....#
........###.###.....##
#...##..#.#..)....)..#
...###...............##.
>..÷..#....†....o.......
#....##......[)[@o......
..##.##........)oo......
.............##†.......#
.#...#..##....####...###
.....######.### .###
.....## #...## .#
......#####...# .
........##....# .
.#>...#..#...##


You could see an orc priest, 2 orc wizards and an orc.

Vanquished Creatures
  Edmund (D:4)
  Duvessa (D:4)
  An ice beast (D:5)
  A centaur (D:6)
  2 ogres (D:5)
  Dowan (D:4)
  2 bullfrog zombies
  2 crimson imps
  A hound (D:5)
  2 orc priests (D:6)
  Natasha (twice) (D:4)
  An orc wizard (D:6)
  2 worker ants (D:5)
  5 adders (D:2)
  A shadow imp (D:5)
  An adder skeleton (D:4)
  An adder zombie (D:5)
  3 worms
  2 dart slugs
  2 leopard geckos
  7 orcs
  7 bats
  3 giant cockroaches
  4 goblins
  6 hobgoblins
  8 jackals
  4 quokkas
  A ball python (D:2)
  8 kobolds
  5 rats
87 creatures vanquished.

Vanquished Creatures (others)
  A ball python (D:3)
1 creature vanquished.

Grand Total: 88 creatures vanquished

Notes
Turn   | Place    | Note
-------+----------+-------------------------------------------
     0 | D:1      | Curus the Minotaur Monk began the quest for the Orb.
     0 | D:1      | Reached XP level 1. HP: 19/19 MP: 0/0
   197 | D:1      | Found a snail-covered altar of Cheibriados.
   284 | D:1      | Reached skill level 4 in Long Blades
   401 | D:1      | Reached XP level 2. HP: 26/26 MP: 1/1
   833 | D:2      | Reached skill level 5 in Long Blades
   833 | D:2      | Reached XP level 3. HP: 31/31 MP: 2/2
  1376 | D:2      | Reached skill level 6 in Long Blades
  1376 | D:2      | Reached XP level 4. HP: 26/39 MP: 3/3
  2023 | D:3      | Found a shimmering blue altar of Sif Muna.
  2132 | D:3      | Found a blossoming altar of Fedhas.
  2191 | D:3      | Reached XP level 5. HP: 45/45 MP: 4/4
  2206 | D:3      | Reached skill level 7 in Long Blades
  2548 | D:3      | Found a shimmering altar of Xom.
  2873 | D:4      | Noticed Natasha
  2882 | D:4      | Killed Natasha
  2936 | D:4      | Found a burning altar of Makhleb.
  2940 | D:4      | Became a worshipper of Makhleb the Destroyer
  2940 | D:4      | Reached * piety under Makhleb
  2940 | D:4      | Reached ** piety under Makhleb
  2992 | D:4      | Noticed Dowan
  2994 | D:4      | Noticed Duvessa
  3012 | D:4      | Killed Duvessa
  3012 | D:4      | Reached skill level 8 in Long Blades
  3012 | D:4      | Reached XP level 6. HP: 31/51 MP: 5/5
  3014 | D:4      | Killed Dowan
  3119 | D:4      | Noticed Edmund
  3138 | D:4      | Killed Edmund
  3138 | D:4      | Reached skill level 9 in Long Blades
  3454 | D:4      | Noticed Natasha
  3458 | D:4      | Killed Natasha
  3845 | D:5      | Entered Level 5 of the Dungeon
  3845 | D:5      | Found a staircase to the Ecumenical Temple.
  3845 | D:5      | Noticed an ice beast
  3864 | D:5      | Killed an ice beast
  3864 | D:5      | Reached skill level 10 in Long Blades
  3864 | D:5      | Reached XP level 7. HP: 57/57 MP: 6/6
  3929 | D:5      | Found an opulent altar of Gozag.
  4466 | D:5      | Reached skill level 11 in Long Blades
  4705 | D:6      | Noticed Menkaure
  4956 | D:6      | Reached XP level 8. HP: 64/64 MP: 7/7
  5101 | D:6      | Killed from afar by an orc priest

Illustrated notes

Levels and vault maps discovered:
D:1:      ncdulo_watergridlock, layout_basic, cheibriados_altar_1
D:2:      layout_loops_corners
D:3:      layout_basic, nicolae_overflow_crystal_walls, tgw_xom,
          overflow_temple_1_default, kennysheep_generic_room_14
D:4:      layout_basic, lemuel_crystal_altar, minivault_14, uniq_duvessa,
          uniq_natasha, uniq_edmund
D:5:      layout_basic, grunt_gozag_statues, minmay_temple_entry_arrows,
          first_ration
D:6:      layout_cave_pools, kennysheep_mini, lemuel_doored_altar,
          ashenzari_conservatory_becter, elyvilon_altar_1, serial_shops,
          shop_statue, uniq_menkaure

Skill      XL: |  1  2  3  4  5  6  7 |
---------------+----------------------+-----
Long Blades    | 4 5 6 8 10 11 | 11.7
Fighting       | |  3.6
Dodging        | |  3.2
Stealth        | |  1.5

Action                   |  1- 3 |  4- 6 |  7- 9 || total
-------------------------+-------+-------+-------++-------
Melee: Falchion          |    67 |   118 |    73 ||   258
       Headbutt          |    12 |    22 |    16 ||    50
Evoke: Wand              |       |       |     1 ||     1
  Use: Potion            |     3 |     5 |     1 ||     9
       Scroll            |     7 |     7 |     1 ||    15
 Stab: Sleeping          |       |     2 |     1 ||     3
  Eat: Chunk             |     1 |     8 |     4 ||    13
Armor: Ring mail         |    12 |    38 |    22 ||    72
Dodge: Dodged            |    31 |    68 |    45 ||   144
       Rpst.: Falchion   |     4 |    17 |    13 ||    34
